 Dungeon Crawl Stone Soup version 0.26.0-18-gc5c842f807 (webtiles) character file.

Game seed: 15291492840754732436

63037 Qrupt the Frost Mage (level 14, -18/90 HPs)
             Began as a Vampire Ice Elementalist on Jan 22, 2021.
             Was the Champion of Dithmenos.
             Demolished by a stone giant (33 damage)
             ... on level 1 of the Orcish Mines.
             The game lasted 02:00:59 (29841 turns).

Qrupt the Frost Mage (Vampire Ice Elementalist)    Turns: 29841, Time: 02:00:59

Health: -18/90     AC: 21    Str:  9    XL:     14   Next: 66%
Magic:  13/26      EV: 19    Int: 29    God:    Dithmenos [******]
Gold:   1838       SH:  0    Dex: 15    Spells: 4/30 levels left

rFire    + . .     SeeInvis +   u - +1 short sword (venom)
rCold    + + +     Faith    .   (no shield)
rNeg     + + +     Spirit   .   C - +2 robe {Will+}
rPois    ∞         Reflect  .   Q - +2 hat {Int+3}
rElec    .         Harm     .   (no cloak)
rCorr    .         Rampage  .   r - +2 pair of gloves of Koatsoh {*Contam rC+ Str+2 Int+4}
Will     ++...                  d - +1 pair of boots Stlth ****++++++
                                e - amulet of magic regeneration
HPRegen  0.00/turn              y - ring of wizardry
MPRegen  0.45/turn              S - ring of protection from fire

@: icy armour, frozen ramparts, bloodless, wreathed by umbra, invisible
A: fangs 3, see invisible, unbreathing
a: Bat Form, Revivify, Renounce Religion, Shadow Step, Shadow Form


You were on level 1 of the Orcish Mines.
You worshipped Dithmenos.
Dithmenos was exalted by your worship.
You visited 4 branches of the dungeon, and saw 20 of its levels.
You also visited: Ice Cave.

You collected 1838 gold pieces.

Inventory:

Hand Weapons
 u - a +1 short sword of venom (weapon)
 z - the +8 war axe "Atudgh" {vorpal, Str-2 Int+4 Dex+4}
   (You found it on level 6 of the Lair of Beasts)

   It inflicts extra damage upon your enemies.
   It affects your strength (-2).
   It affects your intelligence (+4).
   It affects your dexterity (+4).
Missiles
 c - 8 boomerangs of dispersal
 U - 11 poisoned darts
Armour
 d - a +1 pair of boots (worn)
 r - the +2 pair of gloves of Koatsoh (worn) {*Contam rC+ Str+2 Int+4}
   (You found it on level 6 of the Dungeon)

   It affects your strength (+2).
   It affects your intelligence (+4).
   It protects you from cold.
   It causes magical contamination when unequipped.
 C - a +2 robe of willpower (worn)
 Q - a +2 hat of intelligence (worn)
Magical Staves
 X - an uncursed staff of death
Jewellery
 e - an amulet of magic regeneration (around neck)
 y - a ring of wizardry (left hand)
 B - an uncursed amulet of reflection {unknown}
 L - an uncursed ring of willpower
 O - a +6 ring of intelligence
 S - a ring of protection from fire (right hand)
 Y - an uncursed ring of ice
Wands
 f - a wand of iceblast (11)
 E - a wand of paralysis (9)
 G - a wand of flame (119)
 I - a wand of enslavement (14)
 R - a wand of disintegration (10)
 T - a wand of acid (7)
Scrolls
 b - 6 scrolls of teleportation
 i - 4 scrolls of fear
 j - 4 scrolls of magic mapping
 k - 2 scrolls of fog {unknown}
 m - a scroll of vulnerability {unknown}
 n - 3 scrolls of enchant armour
 s - a scroll of enchant weapon {unknown}
 t - a scroll of noise {unknown}
 A - 3 scrolls of immolation
 D - 3 scrolls of amnesia
 F - a scroll of summoning {unknown}
 H - 2 scrolls of torment {unknown}
 K - a scroll of holy word {unknown}
 M - a scroll of blinking {unknown}
 N - 4 scrolls of remove curse
 V - 2 scrolls of acquirement {unknown}
Potions
 a - a potion of invisibility
 g - 4 potions of attraction
 h - 3 potions of resistance
 l - 5 potions of curing
 o - 4 potions of mutation
 p - 2 potions of berserk rage
 q - a potion of magic {unknown}
 v - 2 potions of brilliance
 w - a potion of heal wounds
 x - 10 potions of lignification
 J - 2 potions of cancellation {unknown}
 P - a potion of might {unknown}
 W - a potion of flight
 Z - 2 potions of haste {unknown}


   Skills:
 - Level 11.4 Fighting
 - Level 6.4 Short Blades
 + Level 10.3 Dodging
 + Level 13.0 Stealth
 + Level 8.7 Spellcasting
 - Level 5.0 Conjurations
 - Level 8.3 Hexes
 - Level 3.0 Summonings
 + Level 3.9 Transmutations
 - Level 13.3 Ice Magic


You had 4 spell levels left.
You knew the following spells:

 Your Spells              Type           Power        Failure   Level
a - Freeze                Ice            100%         0%          1
b - Frozen Ramparts       Ice            100%         1%          3
c - Ozocubu's Armour      Ice            74%          1%          3
d - Hailstorm             Conj/Ice       60%          1%          4
e - Summon Ice Beast      Ice/Summ       56%          1%          4
f - Metabolic Englaciati  Hex/Ice        33%          1%          5
g - Statue Form           Tmut/Erth      16%          71%         6

Your spell library contained the following spells:

 Spells                   Type           Power        Failure   Level
 Magic Dart               Conj           100%         1%          1
 Sting                    Tmut/Pois      96%          1%          1
 Searing Ray              Conj           82%          1%          2
 Confusing Touch          Hex            57%          1%          3
 Dazzling Flash           Conj/Hex       100%         1%          3
 Fulminant Prism          Conj/Hex       25%          1%          4
 Poisonous Vapours        Pois/Air       24%          2%          2
 Mephitic Cloud           Conj/Pois/Air  22%          2%          3
 Ignite Poison            Fire/Tmut/Pois 20%          3%          3
 Gell's Gravitas          Tloc           6%           5%          3
 Iskenderun's Mystic Bla  Conj/Tloc      27%          6%          4
 Petrify                  Tmut/Erth      24%          8%          4
 Olgreb's Toxic Radiance  Pois           12%          16%         4
 Yara's Violent Unravell  Hex/Tmut       24%          4%          5
 Irradiate                Conj/Tmut      19%          8%          5
 Hydra Form               Tmut           17%          45%         6
 Dragon Form              Tmut           17%          94%         7


Dungeon Overview and Level Annotations

Branches:
Dungeon (12/15)            Temple (1/1) D:7            Lair (6/6) D:11
  Swamp (0/4) Lair:2       Spider (0/4) Lair:2        Slime (0/5) Lair:6
    Orc (1/2) D:12          IceCv (visited)

Altars:
Ashenzari
Cheibriados
Dithmenos
Elyvilon
Fedhas
Gozag
Hepliaklqana
Kikubaaqudgha
Makhleb
Nemelex Xobeh
Okawaru
Qazlal
Ru
Sif Muna
Trog
Uskayaw
Vehumet
Wu Jian
Xom
Yredelemnul
Zin
The Shining One

Annotations:
Lair:3 3 runed translucent doors, Foabaekk's ghost, journeyman GrMo


Innate Abilities, Weirdness & Mutations

You do not regenerate when monsters are visible.
You are frail without blood (-20% HP).
You can heal yourself when you bite living creatures.
You are immune to poison.
You have razor-sharp teeth.
You have supernaturally acute eyesight. (SInv)
You can survive without breathing.


Message History

The stone giant is poisoned.
The stone giant is moderately wounded.
Your shadow hits the stone giant but does no damage.
Your ice beast disappears in a puff of smoke!
The wall freezes the stone giant!
The stone giant closely misses you.
You hit the stone giant but do no damage.
The stone giant is heavily wounded.
Your ice beast hits the stone giant but does no damage.
Unknown command.
You hit the stone giant.
The stone giant looks as sick as possible!
The stone giant is heavily wounded.
Your shadow hits the stone giant but does no damage.
The wall freezes the stone giant!
The stone giant hits you!!
* * * LOW HITPOINT WARNING * * *
You emit a cloud of dark smoke.
Your ice beast hits the stone giant but does no damage.
You fade into invisibility!
The wall freezes the stone giant!
The stone giant hits you!!
You die...

,,,....$........#####...$$.......
,,..............#...###..........
,,.......,...........##.......##.
**#..#...,..#...$....##..........
,,.......###........#.##.........
,,.......#..)..........#.........
,,.............#$...#.#...#......
,,.............#.§........#......
,,......(....)YC@§........#......
,,.....(#.^...##§§§..........#...
*,..$.)......###..§§..###........
,,...........# ##....## ###.##...
*,.......#.^.#*#.....# ######.
,,........#.###.....$# *##
,,.........## ##..#.## **,*
,,***,*....,* **####*********,,,
*,****,,,,,,* *,,,,,,,,,,,**,,


You could see a stone giant (extremely poisoned) and a friendly ice beast
(summoned).

Vanquished Creatures
  A white draconian (IceCv)
  2 hydras
  A centaur warrior (D:8)
  A boulder beetle (D:12)
  2 death yaks (IceCv)
  Urug (Lair:5)
  A lindwurm (Lair:3)
  An orc knight (Orc:1)
  2 ugly things
  5 black mambas
  8 elephants
  A guardian serpent (Lair:6)
  A gargoyle (D:10)
  7 cane toads
  A torpor snail (Lair:6)
  5 komodo dragons
  2 rime drakes
  2 trolls (D:9)
  14 polar bears
  3 hornets (Lair:6)
  A raiju (Lair:6)
  10 blink frogs
  8 dream sheep
  A redback (Lair:6)
  A spriggan (D:7)
  Sigmund (D:5)
  A basilisk (Lair:3)
  9 wyverns
  Eustachio (D:6)
  16 yaks
  A hog (Lair:5)
  A human (D:12)
  3 vampire mosquitoes (Lair:2)
  3 wargs
  Edmund (D:5)
  9 hell hounds (Lair:6)
  11 water moccasins
  8 ice beasts
  4 sky beasts
  3 phantoms
  10 orc warriors
  8 ogres
  A necrophage (D:11)
  6 black bears
  10 centaurs
  32 wolves
  2 big kobolds
  A gnoll sergeant (D:9)
  24 bullfrogs
  A water moccasin zombie (D:9)
  A wyvern skeleton (D:12)
  A wyvern zombie (D:9)
  4 scorpions
  A wight (D:12)
  20 killer bees
  An electric eel (Lair:4)
  2 howler monkeys (D:9)
  6 jellies
  3 quasits
  4 bullfrog skeletons
  A centaur zombie (D:12)
  8 hounds
  4 centaur skeletons
  13 orc priests
  9 orc wizards
  3 iguanas
  6 worker ants
  A killer bee zombie (D:9)
  2 hound skeletons
  3 worker ant zombies
  A howler monkey skeleton (D:9)
  15 adders
  6 gnolls
  2 river rats (D:3)
  3 shadow imps
  3 white imps
  2 ufetubi
  3 adder zombies
  An adder skeleton (D:8)
  3 worms
  A dart slug (D:1)
  6 leopard geckos
  74 orcs
  A ball python (D:3)
  6 giant cockroaches
  9 hobgoblins
  11 jackals
  2 quokkas
  9 bats
  2 frilled lizards
  6 goblins
  A jackal skeleton (D:8)
  15 kobolds
  A quokka skeleton (D:6)
  9 rats
534 creatures vanquished.

Vanquished Creatures (collateral kills)
  Gastronok (D:10)
  Kirke (Lair:5)
  Fannar (D:11)
  14 hydras
  A two-headed ogre (D:12)
  A death yak (IceCv)
  A tengu warrior (D:11)
  An orb spider (Lair:2)
  A deep elf mage (D:12)
  An ugly thing (D:12)
  A wolf spider (Lair:6)
  7 black mambas
  4 elephants
  A torpor snail (Lair:6)
  8 cane toads
  2 rime drakes
  5 komodo dragons
  7 polar bears
  A dream sheep (Lair:6)
  2 raiju (Lair:6)
  8 blink frogs
  A wraith (D:11)
  15 yaks
  A basilisk (Lair:1)
  5 wyverns (Lair:6)
  4 hogs (Lair:5)
  A vampire mosquito (Lair:2)
  3 wargs
  8 water moccasins
  5 hell hounds (Lair:6)
  An acid dragon (D:11)
  9 black bears
  2 orc warriors (Orc:1)
  An eye of draining (D:11)
  2 ice beasts (D:11)
  22 wolves
  2 centaurs (D:11)
  5 bullfrogs
  7 killer bees
  A howler monkey (D:11)
  An electric eel (Lair:2)
  3 wights
  3 orc priests
  2 orc wizards
  A centaur skeleton (D:10)
  11 orcs
185 creatures vanquished.

Vanquished Creatures (others)
  7 polar bears (IceCv)
  A human (Lair:5)
  2 yaks (IceCv)
  A vampire mosquito (Lair:2)
  A wolf (IceCv)
  A bush (Lair:6)
  53 fungi
  107 plants
173 creatures vanquished.

Grand Total: 892 creatures vanquished

Notes
Turn   | Place    | Note
-------+----------+-------------------------------------------
     0 | D:1      | Qrupt the Vampire Ice Elementalist began the quest for the
                  | Orb.
     0 | D:1      | Reached XP level 1. HP: 13/13 MP: 3/3
   207 | D:1      | Reached XP level 2. HP: 19/19 MP: 0/5
  1394 | D:2      | Reached XP level 3. HP: 24/24 MP: 4/6
  1418 | D:2      | Learned a level 3 spell: Frozen Ramparts
  1711 | D:2      | You fall into a shaft and drop 2 floors!
  1728 | D:4      | Noticed an ogre
  1883 | D:4      | Reached XP level 4. HP: 29/30 MP: 4/7
  1915 | D:4      | Learned a level 3 spell: Ozocubu's Armour
  2332 | D:3      | Reached XP level 5. HP: 22/35 MP: 2/9
  2993 | D:3      | Reached skill level 5 in Stealth
  4496 | D:4      | Killed an ogre
  4497 | D:4      | Reached skill level 5 in Ice Magic
  4497 | D:4      | Reached XP level 6. HP: 32/41 MP: 0/11
  4764 | D:4      | Learned a level 4 spell: Hailstorm
  4765 | D:5      | Entered Level 5 of the Dungeon
  4972 | D:5      | You fall into a shaft and drop 1 floor!
  5071 | D:6      | Reached XP level 7. HP: 41/46 MP: 9/12
  5087 | D:6      | Got a pair of pitted gloves
  5093 | D:6      | Identified the +2 pair of gloves of Koatsoh {*Contam rC+
                  | Str+2 Int+4} (You found it on level 6 of the Dungeon)
  5357 | D:6      | Reached skill level 1 in Fighting
  5657 | D:6      | Reached XP level 8. HP: 53/56 MP: 7/14
  6128 | D:5      | Reached skill level 5 in Spellcasting
  6364 | D:5      | Found a broken altar of Ashenzari.
  6596 | D:5      | Noticed Edmund
  6606 | D:5      | Killed Edmund
  6702 | D:5      | Noticed Sigmund
  6713 | D:5      | Killed Sigmund
  7196 | D:6      | Found a snail-covered altar of Cheibriados.
  7233 | D:6      | Noticed Eustachio
  7242 | D:6      | Killed Eustachio
  7243 | D:6      | Reached XP level 9. HP: 52/52 MP: 7/17
  7815 | D:7      | Reached skill level 10 in Stealth
  7815 | D:7      | Reached skill level 1 in Conjurations
  8011 | D:7      | Found a staircase to the Ecumenical Temple.
  8053 | Temple   | Entered the Ecumenical Temple
  8340 | D:7      | Found a shadowy altar of Dithmenos.
  8361 | D:7      | Became a worshipper of Dithmenos the Shadowed
  8536 | D:7      | Reached skill level 5 in Fighting
  9163 | D:8      | Found a bloodstained altar of Trog.
  9494 | D:8      | Noticed a purple ugly thing
  9499 | D:8      | Noticed a centaur warrior
  9503 | D:8      | Killed a purple ugly thing
  9504 | D:8      | Reached XP level 10. HP: 61/61 MP: 3/18
  9508 | D:8      | Reached * piety under Dithmenos
  9514 | D:8      | Killed a centaur warrior
 10501 | D:8      | Reached skill level 5 in Conjurations
 11093 | D:9      | Learned a level 4 spell: Summon Ice Beast
 11222 | D:9      | Reached skill level 1 in Summonings
 11368 | D:9      | Reached ** piety under Dithmenos
 11369 | D:9      | Reached skill level 5 in Dodging
 12369 | D:10     | Entered Level 10 of the Dungeon
 12503 | D:10     | Noticed a gargoyle
 12515 | D:10     | Killed a gargoyle
 12516 | D:10     | Reached XP level 11. HP: 36/68 MP: 8/19
 12888 | D:10     | Reached *** piety under Dithmenos
 13131 | D:10     | Noticed Gastronok
 13145 | D:10     | Killed Gastronok
 13168 | D:10     | Learned a level 5 spell: Metabolic Englaciation
 13326 | D:11     | Found a frozen archway.
 13450 | IceCv    | Entered an ice cave
 13991 | IceCv    | Got a fading helmet
 14002 | IceCv    | Identified the +0 helmet "Zonikepp" {Slay+3} (You found it
                  | in an ice cave)
 14193 | IceCv    | Noticed a death yak
 14193 | IceCv    | Noticed a death yak
 14250 | IceCv    | Killed a death yak
 14251 | IceCv    | Reached skill level 10 in Ice Magic
 14397 | IceCv    | Killed a death yak
 14665 | IceCv    | Reached **** piety under Dithmenos
 14838 | IceCv    | Noticed a death yak
 14838 | IceCv    | Noticed a white draconian
 14875 | IceCv    | Reached skill level 10 in Fighting
 15526 | IceCv    | Killed a white draconian
 15771 | IceCv    | Killed a death yak
 15772 | IceCv    | Reached XP level 12. HP: 15/77 MP: 2/20
 16896 | D:11     | Noticed Fannar
 16914 | D:11     | Killed Fannar
 16996 | D:11     | You fall into a shaft and drop 1 floor!
 17094 | D:12     | Reached ***** piety under Dithmenos
 17631 | D:12     | Noticed a boulder beetle
 17641 | D:12     | Killed a boulder beetle
 18423 | D:12     | Noticed a two-headed ogre
 18433 | D:12     | Killed a two-headed ogre
 18441 | D:12     | Found a staircase to the Orcish Mines.
 18626 | D:11     | Noticed a tengu warrior
 18647 | D:11     | Killed a tengu warrior
 18980 | D:11     | Found a staircase to the Lair.
 19674 | Lair:1   | Entered Level 1 of the Lair of Beasts
 19710 | Lair:1   | Noticed a five-headed hydra
 19716 | Lair:1   | Killed a five-headed hydra
 19837 | Lair:1   | Reached skill level 1 in Hexes
 19896 | Lair:1   | Reached skill level 1 in Short Blades
 19927 | Lair:1   | Noticed a four-headed hydra
 19944 | Lair:1   | Killed a four-headed hydra
 20273 | Lair:1   | Noticed a four-headed hydra
 20282 | Lair:1   | Noticed a four-headed hydra
 20284 | Lair:1   | Killed a four-headed hydra
 20299 | Lair:1   | Killed a four-headed hydra
 20806 | Lair:2   | Noticed an eight-headed hydra
 20816 | Lair:2   | Killed an eight-headed hydra
 20887 | Lair:2   | Noticed a seven-headed hydra
 20895 | Lair:2   | Killed a seven-headed hydra
 21279 | Lair:2   | Reached XP level 13. HP: 84/84 MP: 17/22
 21867 | Lair:2   | Found a hole to the Spider Nest.
 22004 | Lair:2   | Found a staircase to the Swamp.
 22236 | Lair:3   | Reached skill level 5 in Hexes
 22466 | Lair:3   | Found a snail-covered altar of Cheibriados.
 22794 | Lair:3   | Found a runed translucent gate.
 22794 | Lair:3   | Found a runed translucent gate.
 22794 | Lair:3   | Found a runed translucent gate.
 22796 | Lair:3   | Noticed Foabaekk's ghost (journeyman GrMo)
 23211 | Lair:3   | Found a shimmering altar of Xom.
 24066 | Lair:4   | Reached skill level 5 in Short Blades
 24632 | Lair:5   | Noticed Kirke
 24694 | Lair:5   | Noticed Urug
 24703 | Lair:5   | Killed Kirke
 24706 | Lair:5   | Killed Urug
 25051 | Lair:5   | Reached ****** piety under Dithmenos
 25869 | Lair:6   | Entered Level 6 of the Lair of Beasts
 25882 | Lair:6   | Reached XP level 14. HP: 90/90 MP: 5/25
 26327 | Lair:6   | Found a staircase to the Slime Pits.
 26911 | Lair:6   | Learned a level 6 spell: Statue Form
 27050 | Lair:6   | Reached skill level 1 in Transmutations
 27958 | Lair:6   | Got a dazzling flail
 27959 | Lair:6   | Identified the +4 flail "Qorch" {vorpal, *Drain rElec
                  | rPois} (You found it on level 6 of the Lair of Beasts)
 28285 | Lair:6   | Reached skill level 10 in Dodging
 29490 | Lair:6   | Got a dazzling war axe
 29491 | Lair:6   | Identified the +8 war axe "Atudgh" {vorpal, Str-2 Int+4
                  | Dex+4} (You found it on level 6 of the Lair of Beasts)
 29713 | Orc:1    | Entered Level 1 of the Orcish Mines
 29819 | Orc:1    | Noticed a stone giant
 29841 | Orc:1    | Demolished by a stone giant

Illustrated notes

Levels and vault maps discovered:
D:1:      lordsloth_arrival_two_stooges, layout_basic, serial_bayou_ford_a
D:2:      layout_loops_corners, minmay_tromino_v4_a
D:3:      layout_loops_corners, gup_sewer_entry_bubbles, minivault_23,
          guppyfry_early_orc_mine
D:4:      layout_layer_cave
D:5:      layout_loops_corners, nicolae_overflow_crystal_walls,
          sigmund_edmund_badplayer
D:6:      layout_loops_cross, cheibriados_altar_1, uniq_sigmund, uniq_eustachio
D:7:      layout_basic, nicolae_dithmenos_through_a_glass_darkly,
          minmay_temple_entry_tees, the_bakery
D:8:      nzn_winding_woodlands_small [nzn_winding_woodlands_5x15_crooked,
          nzn_winding_woodlands_center_triple_pond,
          nzn_winding_woodlands_5x15_zeroes], layout_rooms, lemuel_crystal_altar
D:9:      minmay_octagon_keep, layout_basic, minmay_fractal_squares_5
D:10:     layout_roguey, uniq_gastronok
D:11:     layout_gridville, grunt_lair_entry_orc_guard_hut,
          portal_ice_cave_entry_ice_beasts, uniq_fannar
D:12:     layout_cave_pods, erik_orc_4, serial_rivers,
          chequers_serial_rivers_micro_b, chequers_serial_rivers_small_a,
          chequers_serial_rivers_large_b, chequers_serial_rivers_marsh,
          chequers_serial_rivers_small_a, chequers_serial_rivers_marsh,
          blue_anna_alchemist [blue_anna_fruit_fields, blue_anna_fruit_fields]
Temple:   regret_index_temple_mists
Lair:1:   layout_chaotic_city
Lair:2:   layout_long_grid, minmay_swamp_entry_swarm,
          nicolae_spider_entry_orb_guardian
Lair:3:   layout_cave_pods, basic_altar, ebering_ghost_rock_garden, st_stairs_3,
          amcnicky_altar_gilded
Lair:4:   layout_gridlike, minivault_25, grunt_megastairs_4
Lair:5:   layout_misc_corridors, cheibrodos_lair_lostbears, uniq_kirke,
          uniq_urug
Lair:6:   hangedman_lair_caniforms_friends, layout_hall_layers,
          hangedman_lair_tendril_chambers, slime_dummy,
          infiniplex_staircase_pool_2
Orc:1:    layout_caves, enter_volcano_3, minmay_orc_temple_b

Skill      XL: |  1  2  3  4  5  6  7  8  9 10 11 12 13 14 |
---------------+-------------------------------------------+-----
Stealth        | 4 5 6 7 9 10 11 13 | 13.0
Dodging        | 3 4 5 7 9 10 | 10.3
Spellcasting   | 3 4 5 6 7 8 |  8.7
Ice Magic      | 5 6 7 8 10 12 13 | 13.3
Fighting       | 2 3 6 8 10 11 | 11.4
Conjurations   | 3 5 |  5.0
Summonings     | 3 |  3.0
Hexes          | 3 7 8 |  8.3
Short Blades   | 2 5 6 |  6.4
Transmutations | 3 |  3.9

Action                   |  1- 3 |  4- 6 |  7- 9 | 10-12 | 13-15 || total
-------------------------+-------+-------+-------+-------+-------++-------
Melee: Unarmed           |     6 |       |       |       |       ||     6
       Dagger            |       |    49 |    25 |    69 |       ||   143
       Bite              |       |     2 |    24 |    76 |    39 ||   141
       Trident           |       |       |   278 |   111 |       ||   389
       Short sword       |       |       |       |   430 |   383 ||   813
       Glaive            |       |       |       |    91 |       ||    91
 Cast: Freeze            |    59 |    65 |    74 |    40 |    49 ||   287
       Frozen Ramparts   |       |     6 |    24 |    38 |    63 ||   131
       Ozocubu's Armour  |       |     1 |    22 |    42 |    55 ||   120
       Hailstorm         |       |       |     2 |    10 |     4 ||    16
       Summon Ice Beast  |       |       |       |   103 |   170 ||   273
       Metabolic Englaci |       |       |       |       |     8 ||     8
 Abil: Exsanguinate      |       |       |     1 |       |       ||     1
Evoke: Wand              |       |       |       |     6 |       ||     6
  Use: Scroll            |       |     3 |       |     8 |     9 ||    20
       Potion            |       |       |     1 |     1 |     2 ||     4
 Stab: Sleeping          |     2 |     3 |    19 |    29 |    17 ||    70
       Distracted        |       |       |     2 |     9 |     9 ||    20
Armor: Robe              |     9 |    21 |   179 |   295 |   145 ||   649
Dodge: Dodged            |    30 |    69 |   283 |   768 |   506 ||  1656
